[Event "DVM U14 2019"]
[Site "Magedburg"]
[Date "2019.12.27"]
[Round "2"]
[White "Heutling, Elina"]
[Black "Walders, Marc"]
[Result "1-0"]
[ECO "C06"]
[WhiteElo "1796"]
[BlackElo "1819"]
[Annotator "NA"]
[PlyCount "67"]
[EventDate "2019.12.27"]
[EventType "team-tourn"]
[EventRounds "7"]
[EventCountry "GER"]
[SourceTitle "playchess.com"]
[Source "ChessBase"]
[SourceQuality "1"]
[WhiteTeam "Schachzwerge Magdeburg"]
[BlackTeam "SC Erlangen"]
[TimeControl "40/5400+30:1800+30"]

1. e4 e6 2. d4 d5 3. Nd2 Nf6 4. e5 Nfd7 5. Bd3 c5 6. c3 Nc6 7. Ne2 cxd4 8. cxd4 f6 9. exf6 Nxf6 10. O-O Bd6 11. Nf3 O-O 12. Bf4 Bxf4 13. Nxf4 Qd6 14. Ne2 Ng4 15. Ng3 h6 16. h3 Nf6 17. Re1 Bd7 18. Qe2 Kh8 19. Rad1 Qb4 20. a3 Qb6 21. Bb1 Rac8 22. Ne5 Nxe5 23. dxe5 Bb5 24. Qd2 Nd7 25. Re3 Rf4 26. Rb3 Rcf8 27. Qc2 R4f5 28. Nxf5 Rxf5 29. g4 Ba4 30. gxf5 Bxb3 31. Qc8+ Kh7 32. f6+ g6 33. Qxd7+ Kg8 34. Qg7# {normal} 1-0

[Event "DVM U14 2019"]
[Site "Magedburg"]
[Date "2019.12.27"]
[Round "2"]
[White "Reichmann, Felix"]
[Black "Garner, Isaac"]
[Result "1/2-1/2"]
[ECO "A13"]
[WhiteElo "1791"]
[BlackElo "2040"]
[Annotator "NA"]
[PlyCount "41"]
[EventDate "2019.12.27"]
[EventType "team-tourn"]
[EventRounds "7"]
[EventCountry "GER"]
[SourceTitle "playchess.com"]
[Source "ChessBase"]
[SourceQuality "1"]
[WhiteTeam "SF Nordost Berlin"]
[BlackTeam "Hamburger SK"]
[TimeControl "40/5400+30:1800+30"]

1. c4 e6 2. g3 d5 3. Bg2 Nf6 4. Nf3 dxc4 5. O-O c5 6. a4 Nc6 7. Na3 Be7 8. Nxc4 O-O 9. b3 Nd5 10. Bb2 Bf6 11. d4 cxd4 12. Nxd4 Nxd4 13. Bxd4 Nc3 14. Bxc3 Bxc3 15. Rc1 Bf6 16. Qxd8 Rxd8 17. Rfd1 Bd7 18. Na5 Rac8 19. Rxc8 Bxc8 20. Rxd8+ Bxd8 21. Bxb7 {[%emt 0:00:54] normal} 1/2-1/2

[Event "DVM U14 2019"]
[Site "Magedburg"]
[Date "2019.12.27"]
[Round "2"]
[White "Nourzad, Shayan"]
[Black "Müller, Magnus"]
[Result "0-1"]
[ECO "A46"]
[WhiteElo "1782"]
[BlackElo "2055"]
[Annotator "NA"]
[PlyCount "52"]
[EventDate "2019.12.27"]
[EventType "team-tourn"]
[EventRounds "7"]
[EventCountry "GER"]
[SourceTitle "playchess.com"]
[Source "ChessBase"]
[SourceQuality "1"]
[WhiteTeam "SchachAkademiePaderborn"]
[BlackTeam "ESV Gera"]
[TimeControl "40/5400+30:1800+30"]

1. d4 Nf6 2. Nf3 d5 3. g3 e6 4. Bg2 Be7 5. O-O O-O 6. c4 dxc4 7. Ne5 Nc6 8. Nxc6 bxc6 9. Na3 Bxa3 10. bxa3 Ba6 11. Qa4 Bb5 12. Qa5 Qc8 13. Bf4 Nd5 14. Bxd5 exd5 15. Bxc7 c3 16. Rfe1 Re8 17. e3 c2 18. Bd6 Qf5 19. Qd2 Re6 20. Bc5 Rae8 21. Rac1 Bd3 22. Bxa7 h5 23. Re2 h4 24. f3 hxg3 25. hxg3 Bxe2 26. Qxe2 Rxe3 {[%emt 0:00:07] normal} 0-1

[Event "DVM U14 2019"]
[Site "Magedburg"]
[Date "2019.12.27"]
[Round "2"]
[White "Huo, Da"]
[Black "Beck, Felix"]
[Result "1-0"]
[ECO "B18"]
[WhiteElo "1771"]
[BlackElo "1508"]
[Annotator "NA"]
[PlyCount "61"]
[EventDate "2019.12.27"]
[EventType "team-tourn"]
[EventRounds "7"]
[EventCountry "GER"]
[SourceTitle "playchess.com"]
[Source "ChessBase"]
[SourceQuality "1"]
[WhiteTeam "Hamburger SK"]
[BlackTeam "SF Nordost Berlin"]
[TimeControl "40/5400+30:1800+30"]

1. e4 c6 2. d4 d5 3. Nc3 dxe4 4. Nxe4 Bf5 5. Ng3 Bg6 6. h4 h6 7. h5 Bh7 8. Bd3 Bxd3 9. Qxd3 Nf6 10. Nf3 Nbd7 11. Bd2 e6 12. O-O-O Be7 13. Kb1 c5 14. Bc1 O-O 15. Ne4 Nxe4 16. Qxe4 Qc7 17. Qe2 cxd4 18. Nxd4 Nf6 19. g4 Nh7 20. f4 Bf6 21. Nf3 Qa5 22. Qg2 Rfd8 23. g5 hxg5 24. fxg5 Rxd1 25. Rxd1 Be7 26. g6 fxg6 27. hxg6 Nf6 28. Rh1 Kf8 29. Ng5 Qd5 30. Qxd5 exd5 31. Rh8+ {[%emt 0:00:04] normal Nh7 Nxh7#} 1-0

[Event "DVM U14 2019"]
[Site "Magedburg"]
[Date "2019.12.27"]
[Round "2"]
[White "Gilbert, Tim"]
[Black "Morgenstern, Tobias"]
[Result "0-1"]
[ECO "C55"]
[WhiteElo "1660"]
[BlackElo "1943"]
[Annotator "NA"]
[PlyCount "72"]
[EventDate "2019.12.27"]
[EventType "team-tourn"]
[EventRounds "7"]
[EventCountry "GER"]
[SourceTitle "playchess.com"]
[Source "ChessBase"]
[SourceQuality "1"]
[WhiteTeam "SC Erlangen"]
[BlackTeam "Schachzwerge Magdeburg"]
[TimeControl "40/5400+30:1800+30"]

1. e4 e5 2. Nf3 Nc6 3. Bc4 Nf6 4. d3 d5 5. exd5 Nxd5 6. h3 Be7 7. O-O Be6 8. Re1 Qd6 9. Nbd2 f6 10. Ne4 Qd7 11. Bd2 O-O-O 12. Bxd5 Bxd5 13. c4 Bf7 14. Rc1 Qxd3 15. Qa4 Kb8 16. c5 Nd4 17. Nxd4 Rxd4 18. Qc2 Qxc2 19. Rxc2 Bxa2 20. c6 Bd5 21. Ng3 Bxc6 22. Nf5 Rxd2 23. Rxd2 Bb4 24. Red1 Bxd2 25. Rxd2 g6 26. Ne7 Bb5 27. Nd5 Rd8 28. Rd1 Ba4 29. Ra1 Rxd5 30. Rxa4 Rd1+ 31. Kh2 Rd2 32. Rh4 h5 33. g4 Rxf2+ 34. Kg3 Rxb2 35. gxh5 gxh5 36. Rxh5 a5 {[%emt 0:00:18] normal} 0-1

[Event "DVM U14 2019"]
[Site "Magedburg"]
[Date "2019.12.27"]
[Round "2"]
[White "Frank, Marek"]
[Black "Rohm, Linus"]
[Result "1-0"]
[ECO "A30"]
[WhiteElo "1430"]
[BlackElo "1525"]
[Annotator "NA"]
[PlyCount "65"]
[EventDate "2019.12.27"]
[EventType "team-tourn"]
[EventRounds "7"]
[EventCountry "GER"]
[SourceTitle "playchess.com"]
[Source "ChessBase"]
[SourceQuality "1"]
[WhiteTeam "ESV Gera"]
[BlackTeam "SchachAkademiePaderborn"]
[TimeControl "40/5400+30:1800+30"]

1. c4 c5 2. g3 Nf6 3. Bg2 d5 4. cxd5 Nxd5 5. Nf3 Nc6 6. O-O e5 7. d3 Be7 8. b3 O-O 9. Bb2 f6 10. Nc3 Nc7 11. Rc1 Bd7 12. a3 a5 13. Na4 Ne6 14. Nc3 Rb8 15. Nd5 Bd6 16. Nd2 b5 17. Ne4 Be8 18. e3 Ne7 19. Nxd6 Qxd6 20. Nxe7+ Qxe7 21. Re1 Rd8 22. Qc2 Bg6 23. Rcd1 Qd6 24. Bf1 Ng5 25. Qe2 Qd5 26. Bg2 Qxb3 27. d4 exd4 28. exd4 Rfe8 29. Qd2 Rxe1+ 30. Rxe1 Qa4 31. h4 Nf7 {[%emt 0:00:30] normal} 32. dxc5 h6 33. Qe2 {normal} 1-0

[Event "DVM U14 2019"]
[Site "Magedburg"]
[Date "2019.12.27"]
[Round "2"]
[White "Gering, Jakob"]
[Black "Gerber, Anna Sophie"]
[Result "0-1"]
[ECO "A45"]
[WhiteElo "1311"]
[BlackElo "1513"]
[Annotator "NA"]
[PlyCount "50"]
[EventDate "2019.12.27"]
[EventType "team-tourn"]
[EventRounds "7"]
[EventCountry "GER"]
[SourceTitle "playchess.com"]
[Source "ChessBase"]
[SourceQuality "1"]
[WhiteTeam "SchachAkademiePaderborn"]
[BlackTeam "ESV Gera"]
[TimeControl "40/5400+30:1800+30"]

1. d4 Nf6 2. Bf4 e6 3. e3 d5 4. c3 c5 5. Nd2 Be7 6. Ngf3 O-O 7. Bd3 Nc6 8. Ne5 cxd4 9. exd4 Bd6 10. h4 Qc7 11. Qe2 a6 12. g4 Nd7 13. Ndf3 b5 14. g5 b4 15. Bxh7+ Kh8 16. g6 Ncxe5 17. Nxe5 Nf6 18. cxb4 Nxh7 19. gxh7 Kxh7 20. Qh5+ Kg8 21. Bh6 Bxe5 22. dxe5 gxh6 23. Qxh6 Qxe5+ 24. Kf1 f5 25. Rg1+ Kf7 {[%emt 0:00:03] normal} 0-1

[Event "DVM U14 2019"]
[Site "Magedburg"]
[Date "2019.12.28"]
[Round "3"]
[White "Eilenberg, Jonas"]
[Black "Weihrauch, Jakob"]
[Result "*"]
[ECO "D05"]
[WhiteElo "2112"]
[BlackElo "2169"]
[Annotator "RC"]
[PlyCount "42"]
[EventDate "2019.12.27"]
[EventType "team-tourn"]
[EventRounds "7"]
[EventCountry "GER"]
[SourceTitle "playchess.com"]
[Source "ChessBase"]
[SourceQuality "1"]
[WhiteTeam "SV Königsjäger Süd-West"]
[BlackTeam "Hamburger SK"]
[WhiteTeamCountry "GER"]
[BlackTeamCountry "GER"]
[TimeControl "40/5400+30:1800+30"]

1. d4 Nf6 2. Nf3 e6 3. e3 d5 4. Bd3 c5 5. c3 Nc6 6. O-O Be7 7. Nbd2 O-O 8. dxc5 Bxc5 9. b4 Be7 10. Bb2 e5 11. e4 Bg4 12. b5 Na5 13. Qc2 dxe4 14. Bxe4 Qc7 15. c4 Nxe4 16. Qxe4 Bxf3 17. gxf3 Rad8 18. Nb3 f5 19. Qxe5 Qxe5 20. Bxe5 Nxc4 {[%emt 0:00:10] unterminated} 21. f4 {[%emt 0:02:57] unterminated} Rd5 {[%emt 0:02:35] unterminated} *

[Event "DVM U14 2019"]
[Site "Magedburg"]
[Date "2019.12.28"]
[Round "3"]
[White "Garner, Isaac"]
[Black "Abed, Karim"]
[Result "*"]
[ECO "B38"]
[WhiteElo "2040"]
[BlackElo "1513"]
[Annotator "NA RC"]
[PlyCount "39"]
[EventDate "2019.12.27"]
[EventType "team-tourn"]
[EventRounds "7"]
[EventCountry "GER"]
[SourceTitle "playchess.com"]
[Source "ChessBase"]
[SourceQuality "1"]
[WhiteTeam "Hamburger SK"]
[BlackTeam "SV Königsjäger Süd-West"]
[WhiteTeamCountry "GER"]
[BlackTeamCountry "GER"]
[TimeControl "40/5400+30:1800+30"]

1. e4 c5 2. Nf3 Nc6 3. d4 cxd4 4. Nxd4 g6 5. c4 Bg7 6. Be3 Nf6 7. Nc3 d6 8. Be2 O-O 9. O-O {[%emt 0:00:57] unterminated} Bd7 {[%emt 0:01:40] unterminated} 10. Rc1 {[%emt 0:03:32] unterminated} Rc8 {unterminated} 11. f3 {[%emt 0:00:56] unterminated} a6 $14 {[%emt 0:20:22] unterminated} 12. Qd2 {[%emt 0:08:30] unterminated} h5 {[%emt 0:05:39] unterminated} 13. Rfd1 Ne5 {[%emt 0:01:18] unterminated} 14. b3 {[%emt 0:01:31] unterminated} Qc7 {[%emt 0:05:29] unterminated} 15. Nd5 {[%emt 0:02:51] unterminated} Nxd5 {[%emt 0:05:41] unterminated} 16. cxd5 Qb8 {[%emt 0:00:29] unterminated} 17. h3 {[%emt 0:01:10] unterminated} Rxc1 18. Rxc1 {[%emt 0:00:08] unterminated} Bc8 {[%emt 0:01:58] unterminated} 19. Qb4 {unterminated} Nd7 {[%emt 0:03:43] unterminated} 20. Qc4 {[%emt 0:07:53] unterminated} *

[Event "DVM U14 2019"]
[Site "Magedburg"]
[Date "2019.12.28"]
[Round "3"]
[White "Morgenstern, Tobias"]
[Black "Frank, Marek"]
[Result "*"]
[ECO "B90"]
[WhiteElo "1943"]
[BlackElo "1430"]
[Annotator "NA RC"]
[PlyCount "32"]
[EventDate "2019.12.27"]
[EventType "team-tourn"]
[EventRounds "7"]
[EventCountry "GER"]
[SourceTitle "playchess.com"]
[Source "ChessBase"]
[SourceQuality "1"]
[WhiteTeam "Schachzwerge Magdeburg"]
[BlackTeam "ESV Gera"]
[WhiteTeamCountry "GER"]
[BlackTeamCountry "GER"]
[TimeControl "40/5400+30:1800+30"]

1. e4 c5 2. Nf3 d6 3. d4 cxd4 4. Nxd4 Nf6 5. Nc3 a6 {[%emt 0:00:09] unterminated} 6. Qf3 {[%emt 0:03:51] unterminated} e5 7. Nf5 {[%emt 0:00:58] unterminated} Nc6 {[%emt 0:07:33] unterminated} 8. Be3 $11 {[%emt 0:14:40] unterminated} (8. Bg5 $14) 8... g6 9. Nh6 {[%emt 0:01:13] unterminated} Bxh6 10. Bxh6 Nd4 {[%emt 0:00:27] unterminated} 11. Qd3 Ng4 {[%emt 0:01:40] unterminated} 12. Bd2 {[%emt 0:08:02] unterminated} Qh4 {[%emt 0:04:27] unterminated} 13. Nd1 {[%emt 0:02:33] unterminated} Bd7 {[%emt 0:03:10] unterminated} 14. c3 {[%emt 0:12:59] unterminated} Bb5 15. Qb1 {[%emt 0:00:48] unterminated} Bxf1 {unterminated} 16. Kxf1 {[%emt 0:03:45] unterminated} Ne6 {[%emt 0:07:16] unterminated} *

[Event "DVM U14 2019"]
[Site "Magedburg"]
[Date "2019.12.28"]
[Round "3"]
[White "Zeuner, Ole"]
[Black "Schubert, Nikita"]
[Result "*"]
[ECO "C90"]
[WhiteElo "1794"]
[BlackElo "1914"]
[Annotator "NA RC"]
[PlyCount "46"]
[EventDate "2019.12.27"]
[EventType "team-tourn"]
[EventRounds "7"]
[EventCountry "GER"]
[SourceTitle "playchess.com"]
[Source "ChessBase"]
[SourceQuality "1"]
[WhiteTeam "Schachzwerge Magdeburg"]
[BlackTeam "ESV Gera"]
[WhiteTeamCountry "GER"]
[BlackTeamCountry "GER"]
[TimeControl "40/5400+30:1800+30"]

1. e4 e5 2. Nf3 Nc6 3. Bb5 a6 4. Ba4 Nf6 5. d3 b5 6. Bb3 Be7 7. O-O d6 8. c3 O-O 9. Re1 Na5 10. Bc2 c5 11. Nbd2 Re8 12. Nf1 Bf8 13. Ne3 {[%emt 0:00:16] unterminated} g6 {[%emt 0:10:42] unterminated} 14. h3 {[%emt 0:05:34] unterminated} Bg7 {[%emt 0:04:29] unterminated} 15. Nh2 {[%emt 0:06:57] unterminated} Be6 {[%emt 0:04:12] unterminated} 16. Nhg4 {[%emt 0:01:08] unterminated} h5 {[%emt 0:08:15] unterminated} 17. Nh2 {[%emt 0:04:39] unterminated} Nc6 {[%emt 0:04:08] unterminated} 18. Nf3 {[%emt 0:02:21] unterminated} Rf8 19. Ng5 {[%emt 0:02:34] unterminated} Bd7 20. Bb3 Na5 {[%emt 0:00:51] unterminated} 21. Bc2 Nc6 {[%emt 0:00:18] unterminated} 22. Rf1 Nh7 {[%emt 0:02:28] unterminated} 23. Nxh7 Kxh7 {[%emt 0:00:16] unterminated} *

[Event "DVM U14 2019"]
[Site "Magedburg"]
[Date "2019.12.28"]
[Round "3"]
[White "Huo, Da"]
[Black "Korek, Jakob Alexander"]
[Result "*"]
[ECO "B18"]
[WhiteElo "1771"]
[BlackElo "1656"]
[Annotator "NA RC"]
[PlyCount "47"]
[EventDate "2019.12.27"]
[EventType "team-tourn"]
[EventRounds "7"]
[EventCountry "GER"]
[SourceTitle "playchess.com"]
[Source "ChessBase"]
[SourceQuality "1"]
[WhiteTeam "Hamburger SK"]
[BlackTeam "SV Königsjäger Süd-West"]
[WhiteTeamCountry "GER"]
[BlackTeamCountry "GER"]
[TimeControl "40/5400+30:1800+30"]

1. e4 c6 2. d4 d5 3. Nd2 dxe4 4. Nxe4 Bf5 5. Ng3 Bg6 6. h4 h6 7. h5 Bh7 8. Nf3 Nd7 9. Bd3 Bxd3 10. Qxd3 e6 {[%emt 0:00:55] unterminated} 11. Bd2 {[%emt 0:01:58] unterminated} Ngf6 {[%emt 0:00:38] unterminated} 12. O-O-O {[%emt 0:04:15] unterminated} Bd6 {[%emt 0:02:43] unterminated} 13. Ne4 Nxe4 {unterminated} 14. Qxe4 {[%emt 0:00:08] unterminated} Nf6 15. Qe2 {[%emt 0:00:14] unterminated} Qc7 {[%emt 0:01:48] unterminated} 16. Kb1 {[%emt 0:02:58] unterminated} O-O {[%emt 0:00:56] unterminated} 17. Rdg1 {[%emt 0:10:27] unterminated} c5 {[%emt 0:02:02] unterminated} 18. g4 {[%emt 0:01:56] unterminated} Nd5 {[%emt 0:06:25] unterminated} 19. g5 {[%emt 0:12:21] unterminated} hxg5 {[%emt 0:03:08] unterminated} 20. Nxg5 {[%emt 0:23:02] unterminated} Nf4 {[%emt 0:02:22] unterminated} 21. Bxf4 {[%emt 0:06:48] unterminated} Bxf4 22. Qe4 {[%emt 0:00:21] unterminated} Bxg5 23. Rxg5 {[%emt 0:00:26] unterminated} Kh8 {[%emt 0:08:27] unterminated} 24. Rhg1 {[%emt 0:05:00] unterminated} *

[Event "DVM U14 2019"]
[Site "Magedburg"]
[Date "2019.12.28"]
[Round "3"]
[White "Sohr, Jim"]
[Black "von Krosigk, Florian"]
[Result "*"]
[ECO "E32"]
[WhiteElo "1730"]
[BlackElo "1984"]
[Annotator "NA RC"]
[PlyCount "31"]
[EventDate "2019.12.27"]
[EventType "team-tourn"]
[EventRounds "7"]
[EventCountry "GER"]
[SourceTitle "playchess.com"]
[Source "ChessBase"]
[SourceQuality "1"]
[WhiteTeam "SV Königsjäger Süd-West"]
[BlackTeam "Hamburger SK"]
[WhiteTeamCountry "GER"]
[BlackTeamCountry "GER"]
[TimeControl "40/5400+30:1800+30"]

1. d4 Nf6 2. c4 e6 3. Nc3 Bb4 4. Qc2 O-O 5. a3 Bxc3+ 6. Qxc3 d6 {[%emt 0:00:24] unterminated} 7. Nf3 Re8 {[%emt 0:00:36] unterminated} 8. e3 {[%emt 0:03:54] unterminated} Qe7 {[%emt 0:09:10] unterminated} 9. Be2 e5 $11 {[%emt 0:01:26] unterminated} 10. dxe5 {[%emt 0:07:36] unterminated} dxe5 {[%emt 0:04:41] unterminated} 11. O-O {[%emt 0:02:18] unterminated} h6 {[%emt 0:10:40] unterminated} 12. b4 {[%emt 0:06:05] unterminated} Bf5 {[%emt 0:02:40] unterminated} 13. Bb2 {[%emt 0:03:54] unterminated} Nbd7 {[%emt 0:00:37] unterminated} 14. Nd2 c5 {[%emt 0:02:11] unterminated} 15. Bd1 {[%emt 0:10:27] unterminated} Rac8 {[%emt 0:18:08] unterminated} 16. Ba4 {[%emt 0:04:59] unterminated} *

[Event "DVM U14 2019"]
[Site "Magedburg"]
[Date "2019.12.28"]
[Round "3"]
[White "Gutewort, Paul Emil"]
[Black "Gallasch, Jonas"]
[Result "*"]
[ECO "A15"]
[WhiteElo "1714"]
[BlackElo "2107"]
[Annotator "RC"]
[PlyCount "34"]
[EventDate "2019.12.27"]
[EventType "team-tourn"]
[EventRounds "7"]
[EventCountry "GER"]
[SourceTitle "playchess.com"]
[Source "ChessBase"]
[SourceQuality "1"]
[WhiteTeam "SF Nordost Berlin"]
[BlackTeam "SG Porz"]
[WhiteTeamCountry "GER"]
[BlackTeamCountry "GER"]
[TimeControl "40/5400+30:1800+30"]

1. c4 Nf6 2. g3 g6 3. Bg2 Bg7 4. Nc3 d6 5. d3 O-O 6. a3 Nbd7 {[%emt 0:01:59] unterminated} 7. e4 {[%emt 0:00:49] unterminated} e5 {unterminated} 8. Nge2 {[%emt 0:00:10] unterminated} a6 9. O-O {[%emt 0:00:48] unterminated} b5 {[%emt 0:01:25] unterminated} 10. h3 {[%emt 0:06:11] unterminated} Bb7 {[%emt 0:05:08] unterminated} 11. Qc2 {[%emt 0:04:22] unterminated} c6 {[%emt 0:02:54] unterminated} 12. f4 {[%emt 0:13:41] unterminated} Qb6+ {[%emt 0:18:21] unterminated} 13. Kh2 {[%emt 0:03:19] unterminated} a5 {[%emt 0:02:23] unterminated} 14. Nd1 {[%emt 0:08:01] unterminated} a4 15. Be3 {unterminated} Qa6 {[%emt 0:00:31] unterminated} 16. Rc1 {[%emt 0:02:35] unterminated} Rfe8 {[%emt 0:09:45] unterminated} 17. Re1 {[%emt 0:09:52] unterminated} d5 {[%emt 0:06:08] unterminated} *

[Event "DVM U14 2019"]
[Site "Magedburg"]
[Date "2019.12.28"]
[Round "3"]
[White "Sabirov, Rafael"]
[Black "Reichmann, Felix"]
[Result "*"]
[ECO "B12"]
[WhiteElo "1668"]
[BlackElo "1791"]
[Annotator "NA RC"]
[PlyCount "34"]
[EventDate "2019.12.27"]
[EventType "team-tourn"]
[EventRounds "7"]
[EventCountry "GER"]
[SourceTitle "playchess.com"]
[Source "ChessBase"]
[SourceQuality "1"]
[WhiteTeam "SG Porz"]
[BlackTeam "SF Nordost Berlin"]
[WhiteTeamCountry "GER"]
[BlackTeamCountry "GER"]
[TimeControl "40/5400+30:1800+30"]

1. e4 c6 2. d4 d6 3. Nc3 Nd7 4. Be3 {[%emt 0:00:31] unterminated} g6 {[%emt 0:00:58] unterminated} 5. Qd2 Bg7 {[%emt 0:00:18] unterminated} 6. h4 h6 {[%emt 0:00:58] unterminated} 7. Bd3 {[%emt 0:06:06] unterminated} Qc7 {[%emt 0:01:48] unterminated} 8. f4 {[%emt 0:04:18] unterminated} Ngf6 {[%emt 0:19:53] unterminated} 9. e5 Ng4 {[%emt 0:00:55] unterminated} 10. e6 {unterminated} Ndf6 {unterminated} 11. exf7+ Kxf7 {[%emt 0:01:21] unterminated} 12. Nf3 Nxe3 13. Qxe3 {[%emt 0:00:42] unterminated} Bf5 {[%emt 0:01:23] unterminated} 14. Bxf5 gxf5 {[%emt 0:00:11] unterminated} 15. O-O-O e6 {[%emt 0:00:54] unterminated} 16. Nh2 {[%emt 0:02:17] unterminated} Rhg8 17. Rhg1 {[%emt 0:00:21] unterminated} Bh8 {[%emt 0:02:54] unterminated} *

[Event "DVM U14 2019"]
[Site "Magedburg"]
[Date "2019.12.28"]
[Round "3"]
[White "Gerber, Anna Sophie"]
[Black "Joppich, Til"]
[Result "*"]
[ECO "A48"]
[WhiteElo "1513"]
[BlackElo "1916"]
[Annotator "NA RC"]
[PlyCount "31"]
[EventDate "2019.12.27"]
[EventType "team-tourn"]
[EventRounds "7"]
[EventCountry "GER"]
[SourceTitle "playchess.com"]
[Source "ChessBase"]
[SourceQuality "1"]
[WhiteTeam "ESV Gera"]
[BlackTeam "Schachzwerge Magdeburg"]
[WhiteTeamCountry "GER"]
[BlackTeamCountry "GER"]
[TimeControl "40/5400+30:1800+30"]

1. d4 Nf6 2. Nf3 g6 3. c4 Bg7 4. Nc3 O-O 5. g3 {[%emt 0:01:05] unterminated} d6 6. Bg2 {[%emt 0:00:26] unterminated} c6 $11 {[%emt 0:00:10] unterminated} 7. O-O Qa5 {[%emt 0:02:15] unterminated} 8. e4 {[%emt 0:05:53] unterminated} e5 {[%emt 0:08:33] unterminated} 9. d5 cxd5 {[%emt 0:01:34] unterminated} 10. exd5 {[%emt 0:01:29] unterminated} Bg4 {[%emt 0:08:16] unterminated} 11. h3 Bxf3 {[%emt 0:00:18] unterminated} 12. Qxf3 {[%emt 0:10:02] unterminated} Nbd7 {[%emt 0:01:56] unterminated} 13. Bd2 {[%emt 0:06:29] unterminated} Rac8 {[%emt 0:07:01] unterminated} 14. b3 {[%emt 0:04:11] unterminated} a6 {[%emt 0:09:07] unterminated} 15. Qd1 {unterminated} Qc7 {[%emt 0:05:45] unterminated} 16. Rc1 {[%emt 0:06:50] unterminated} *

[Event "DVM U14 2019"]
[Site "Magedburg"]
[Date "2019.12.28"]
[Round "3"]
[White "Beck, Felix"]
[Black "Kogan, Gabriel"]
[Result "*"]
[ECO "A20"]
[WhiteElo "1508"]
[BlackElo "1527"]
[Annotator "NA RC"]
[PlyCount "30"]
[EventDate "2019.12.27"]
[EventType "team-tourn"]
[EventRounds "7"]
[EventCountry "GER"]
[SourceTitle "playchess.com"]
[Source "ChessBase"]
[SourceQuality "1"]
[WhiteTeam "SF Nordost Berlin"]
[BlackTeam "SG Porz"]
[WhiteTeamCountry "GER"]
[BlackTeamCountry "GER"]
[TimeControl "40/5400+30:1800+30"]

1. c4 e5 2. g3 Nf6 3. Bg2 c6 {[%emt 0:00:00] unterminated} 4. e3 {[%emt 0:04:52] unterminated} d5 {[%emt 0:01:07] unterminated} 5. cxd5 {[%emt 0:14:28] unterminated} cxd5 {[%emt 0:02:34] unterminated} 6. d4 {[%emt 0:01:38] unterminated} e4 7. Nc3 {[%emt 0:00:51] unterminated} Nc6 8. a3 {[%emt 0:01:40] unterminated} a6 {[%emt 0:04:08] unterminated} 9. Nge2 {[%emt 0:03:25] unterminated} Bd6 10. O-O {[%emt 0:01:32] unterminated} O-O {[%emt 0:00:50] unterminated} 11. Rb1 {[%emt 0:02:41] unterminated} Bf5 {[%emt 0:12:14] unterminated} 12. Ra1 {[%emt 0:08:59] unterminated} Rc8 {[%emt 0:02:31] unterminated} 13. f3 {[%emt 0:06:01] unterminated} Re8 {[%emt 0:13:38] unterminated} 14. fxe4 Bxe4 15. Nxe4 {[%emt 0:00:18] unterminated} Nxe4 {[%emt 0:00:23] unterminated} *

[Event "DVM U14 2019"]
[Site "Magedburg"]
[Date "2019.12.28"]
[Round "3"]
[White "Muller, Magnus"]
[Black "Stockmann, Till"]
[Result "*"]
[ECO "B40"]
[WhiteElo "1481"]
[BlackElo "1894"]
[Annotator "NA RC"]
[PlyCount "33"]
[EventDate "2019.12.27"]
[EventType "team-tourn"]
[EventRounds "7"]
[EventCountry "GER"]
[SourceTitle "playchess.com"]
[Source "ChessBase"]
[SourceQuality "1"]
[WhiteTeam "ESV Gera"]
[BlackTeam "Schachzwerge Magdeburg"]
[WhiteTeamCountry "FAI"]
[BlackTeamCountry "GER"]
[TimeControl "40/5400+30:1800+30"]

1. e4 c5 2. Nf3 e6 3. g3 {[%emt 0:00:18] unterminated} d5 4. exd5 exd5 {[%emt 0:00:07] unterminated} 5. d4 {[%emt 0:03:11] unterminated} Nf6 6. Bg2 {[%emt 0:00:12] unterminated} Nc6 {[%emt 0:03:24] unterminated} 7. O-O {[%emt 0:10:56] unterminated} c4 $14 8. Ne5 Nxe5 9. dxe5 Ne4 10. Be3 Be6 11. Nc3 Nxc3 12. bxc3 g6 13. Qb1 Qd7 14. a4 Bg7 15. f4 O-O {[%emt 0:00:38] unterminated} 16. Rd1 {[%emt 0:03:10] unterminated} Rfd8 {[%emt 0:01:29] unterminated} 17. Qb5 {[%emt 0:05:27] unterminated} *